[Event "Team 45 45 League T48"]
[Site "Internet Chess Club"]
[Date "2011.02.27"]
[Round "3"]
[White "Caminator"]
[Black "primerpaso"]
[Result "1-0"]
[WhiteElo "1840"]
[BlackElo "1754"]
[Opening "Sicilian: closed"]
[ECO "B24"]
[Time "20:24:16"]
[TimeControl "2700+45"]

1. e4 c5 2. Nc3 Nc6 3. g3 g6 4. Bg2 Bg7 5. d3 e6 6. Be3 d6 7. Qd2 Rb8 8. f4 Nge7
9. Nge2 Nd4 10. Bxd4 cxd4 11. Nb5 Nc6 12. O-O a6 13. Na3 O-O 14. Qe1 b5 15. g4
e5 16. f5 Bf6 17. Ng3 Ne7 18. Rf3 Bb7 19. Qd2 Bh4 20. Raf1 f6 21. Kh1 Kg7 22.
Qe2 d5 23. Nb1 Bxg3 24. Rxg3 dxe4 25. dxe4 g5 26. h4 h6 27. c3 Nc6 28. Nd2 dxc3
29. bxc3 Qe7 30. Kh2 Rbd8 31. Rh1 Rh8 32. Rh3 Qd6 33. Nf3 Na5 34. Kg3 Nc4 35. a4
Bc6 36. axb5 axb5 37. R1h2 Qc5 38. hxg5 hxg5 39. Nxg5 fxg5 40. f6+ Kxf6 41. Rxh8
Rxh8 42. Rxh8 Kg7 43. Rh5 Kg6 44. Qf2 Qe3+ 45. Qxe3 Nxe3 46. Bf3 Nc2 47. Rh8 b4
48. cxb4 Nxb4 49. Rg8+ Kf6 50. Rf8+ Kg6 51. Rd8 Kg7 52. Rd6 Ba4 53. Re6 Nc6 54.
Bd1 Bb5 55. Bb3 {Black forfeits on time} 1-0

[Event "Team 45 45 League T48"]
[Site "Internet Chess Club"]
[Date "2011.02.27"]
[Round "3"]
[White "jjmolina"]
[Black "avila"]
[Result "1/2-1/2"]
[WhiteElo "1708"]
[BlackElo "1823"]
[Opening "King's pawn opening"]
[ECO "B07"]
[Time "13:00:25"]
[TimeControl "2700+45"]

1. e4 d6 2. d4 c6 3. f4 Qc7 4. Nf3 Bg4 5. h3 Bxf3 6. Qxf3 e5 7. c3 Nd7 8. Bc4
Ngf6 9. Be3 Be7 10. Nd2 O-O 11. O-O a6 12. Rab1 Rad8 13. Bd3 c5 14. d5 b5 15. c4
b4 16. a3 a5 17. axb4 axb4 18. Ra1 Ra8 19. Nb3 Rfb8 20. g3 Qd8 21. Kh2 Rxa1 22.
Rxa1 Ra8 23. Rxa8 Qxa8 24. Qg2 Qa2 25. Nc1 Qa6 26. Qe2 Ne8 27. Qg4 Nef6 28. Qe2
g6 29. Qc2 Nh5 30. f5 Ng7 31. g4 g5 32. Ne2 h5 33. Qd2 f6 34. Ng3 h4 35. Ne2 Nb6
36. b3 Qa3 37. Nc1 Ne8 38. Qc2 Kf7 39. Kg2 Nc7 40. Bd2 Bd8 41. Be2 Ne8 42. Qb1
Bc7 43. Qa2 Qxa2 44. Nxa2 Ke7 45. Nc1 Kd7 46. Bd1 Bd8 47. Kf2 {Game drawn by
mutual agreement} 1/2-1/2

[Event "Team 45 45 League T48"]
[Site "Internet Chess Club"]
[Date "2011.02.27"]
[Round "3"]
[White "soccerisfun"]
[Black "acejackace"]
[Result "1-0"]
[WhiteElo "1807"]
[BlackElo "1481"]
[Opening "French: Tarrasch, closed variation"]
[ECO "C05"]
[Time "14:00:21"]
[TimeControl "2700+45"]

1. e4 e6 2. d4 d5 3. Nd2 Nf6 4. e5 Nfd7 5. c3 c5 6. Bd3 Nc6 7. Ndf3 cxd4 8. cxd4
Qb6 9. Ne2 Bb4+ 10. Bd2 O-O 11. O-O Be7 12. Qc2 f5 13. exf6 Nxf6 14. a3 Bd7 15.
Bc3 Rac8 16. Rfe1 Bd6 17. Ng3 Ne7 18. Ng5 Bxg3 19. Bxh7+ Kh8 20. hxg3 Nf5 21.
Bxf5 exf5 22. Qd3 Bb5 23. Qxf5 Bd7 24. Qd3 Rce8 25. Bb4 Rxe1+ 26. Rxe1 Rc8 27.
Bc3 Ne4 28. Nxe4 dxe4 29. Qxe4 Re8 30. Qh4+ Kg8 31. Rxe8+ Bxe8 32. Qe7 Qc6 33.
d5 {Black forfeits on time} 1-0

[Event "Team 45 45 League T48"]
[Site "Internet Chess Club"]
[Date "2011.02.27"]
[Round "3"]
[White "IceBox"]
[Black "chessrabbit"]
[Result "1/2-1/2"]
[WhiteElo "1742"]
[BlackElo "1594"]
[Opening "QGD: Albin counter-gambit"]
[ECO "D08"]
[Time "12:00:59"]
[TimeControl "2700+45"]

1. d4 d5 2. c4 e5 3. cxd5 Qxd5 4. Nf3 e4 5. Nc3 Bb4 6. Nd2 Qxd4 7. e3 Qe5 8.
Ncxe4 Qxe4 9. a3 Bxd2+ 10. Bxd2 Ne7 11. Bb5+ c6 12. f3 Qg6 13. Bf1 Be6 14. e4
Nd7 15. Qc2 f5 16. O-O-O fxe4 17. fxe4 Nf6 18. Bd3 Rd8 19. Bb4 Qf7 20. Rdf1 Ng6
21. Qc3 Qd7 22. Bc2 Qd4 23. Qxd4 Rxd4 24. Bc5 Rc4 25. Bxa7 O-O 26. b3 Rc3 27.
Bd4 Nxe4 {Game drawn by mutual agreement} 1/2-1/2

[Event "Team 45 45 League T48"]
[Site "Internet Chess Club"]
[Date "2011.02.26"]
[Round "3"]
[White "PandorasBox"]
[Black "hewdondada"]
[Result "1/2-1/2"]
[WhiteElo "1950"]
[BlackElo "1825"]
[Opening "English: Caro-Kann defensive system"]
[ECO "A11"]
[Time "17:01:57"]
[TimeControl "2700+45"]

1. c4 c6 2. g3 Nf6 3. Bg2 d5 4. Nf3 Bf5 5. cxd5 cxd5 6. Qb3 Qb6 7. Qxb6 axb6 8.
Nc3 Nc6 9. d3 e6 10. Nb5 Bb4+ 11. Bd2 Bxd2+ 12. Kxd2 Kd7 13. Nfd4 Nxd4 14. Nxd4
Bg6 15. f4 Rhc8 16. a3 Ra5 17. Rhc1 Rac5 18. Rc3 Rxc3 19. bxc3 Ra8 20. Bf3 Bh5
21. Rb1 Bxf3 22. exf3 Rxa3 23. Rxb6 Ra2+ 24. Ke3 Kc7 25. Rb4 Rxh2 26. Nb5+ Kc6
27. Nd4+ Kc7 28. Rb1 h6 29. Nb5+ Kc6 30. Nd4+ Kc7 31. Nb5+ {Game drawn by mutual
agreement} 1/2-1/2

[Event "Team 45 45 League T48"]
[Site "Internet Chess Club"]
[Date "2011.02.28"]
[Round "3"]
[White "Fatman"]
[Black "byebyebadman"]
[Result "0-1"]
[WhiteElo "1758"]
[BlackElo "1861"]
[Opening "French: advance, Euwe variation"]
[ECO "C02"]
[Time "13:33:50"]
[TimeControl "2700+45"]

1. e4 e6 2. d4 d5 3. e5 c5 4. c3 Nc6 5. Nf3 Bd7 6. Be2 Nge7 7. Na3 cxd4 8. cxd4
Nf5 9. Nc2 Qb6 10. O-O Na5 11. b3 Bb5 12. Bb2 Bxe2 13. Qxe2 Nc6 14. Rfd1 Rc8 15.
Rac1 Be7 16. Ne3 Nxe3 17. Qxe3 O-O 18. Qe2 Nb4 19. a3 Na6 20. b4 Nb8 21. Nd2 a5
22. b5 a4 23. Nb1 Nd7 24. Nc3 Rc4 25. f4 Rfc8 26. Qe3 Qa5 27. Rd3 Nc5 28. Rdd1
Nb3 29. Rc2 Nxd4 30. Rf2 Nf5 31. Qe2 Bc5 32. Kh1 Bxf2 33. Qxf2 Rxc3 34. Qe1 Rd3
35. Qe2 Rxd1+ 36. Qxd1 Qxb5 {White resigns} 0-1

[Event "Team 45 45 League T48"]
[Site "Internet Chess Club"]
[Date "2011.02.27"]
[Round "3"]
[White "GeorgeCostanza"]
[Black "RamRock"]
[Result "0-1"]
[WhiteElo "1769"]
[BlackElo "1931"]
[Opening "Catalan: closed"]
[ECO "E01"]
[Time "21:03:38"]
[TimeControl "2700+45"]

1. d4 Nf6 2. c4 e6 3. g3 d5 4. Bg2 c6 5. Nf3 Bd6 6. O-O O-O 7. Qc2 Nbd7 8. Bf4
Bxf4 9. gxf4 Ne4 10. e3 f5 11. Nc3 Kh8 12. Kh1 h6 13. Nxe4 dxe4 14. Ne5 Nxe5 15.
fxe5 Bd7 16. f3 exf3 17. Rxf3 Qe7 18. Raf1 c5 19. R3f2 Rab8 20. Qc3 Rfe8 21. e4
cxd4 22. Qxd4 b6 23. Rd1 Bc6 24. Qe3 Bxe4 25. Bxe4 fxe4 26. Qxe4 Qb7 27. Qxb7
Rxb7 28. Rd6 Kh7 29. Kg2 Kg6 30. Kf1 Ree7 31. Rfd2 Kf5 32. Re2 Rbd7 33. Rxd7
Rxd7 34. b3 Rd4 35. Kg2 Re4 36. Rd2 Rxe5 37. Rd7 Re2+ 38. Kg3 Rxa2 39. Rxg7 Ra3
40. Rf7+ Kg6 41. Rf3 Ra5 42. Rd3 Rc5 43. Kf4 b5 44. cxb5 Rxb5 45. Ke4 Kf6 46.
Rf3+ Rf5 47. Rh3 h5 48. Rc3 Rb5 49. Rf3+ Rf5 50. Rc3 h4 51. Rc8 Rb5 52. Rf8+ Ke7
53. Rf3 Kd6 54. Rd3+ Rd5 55. Rh3 Rh5 56. Rd3+ Kc5 57. Rd8 Kb4 58. Re8 Kxb3 59.
Rxe6 a5 60. Ra6 a4 61. Kd3 Rd5+ 62. Ke4 Rd2 {White resigns} 0-1

[Event "Team 45 45 League T48"]
[Site "Internet Chess Club"]
[Date "2011.03.01"]
[Round "3"]
[White "otherook"]
[Black "rahulr"]
[Result "0-1"]
[WhiteElo "1781"]
[BlackElo "1587"]
[Opening "English, 1...Nf6 (Anglo-Indian defense)"]
[ECO "A15"]
[Time "19:03:01"]
[TimeControl "2700+45"]

1. c4 Nf6 2. g3 g6 3. Bg2 Bg7 4. Nf3 O-O 5. O-O Nc6 6. Nc3 d5 7. cxd5 Nxd5 8. d4
e5 9. Nxd5 e4 10. Nd2 Qxd5 11. Nxe4 Qxd4 12. Nc3 Be6 13. Bf4 Qb4 14. Nd5 Qxb2
15. Nxc7 Rad8 16. Qa4 Rd4 {White resigns} 0-1

[Event "Team 45 45 League T48"]
[Site "Internet Chess Club"]
[Date "2011.02.25"]
[Round "3"]
[White "DreamCatcher13"]
[Black "CamLeslie"]
[Result "1/2-1/2"]
[WhiteElo "1934"]
[BlackElo "1917"]
[Opening "Sicilian: Alapin's variation (2.c3)"]
[ECO "B22"]
[Time "16:01:58"]
[TimeControl "2700+45"]

1. e4 c5 2. c3 g6 3. d4 cxd4 4. cxd4 d5 5. e5 Bg7 6. Nf3 Bg4 7. h3 Bxf3 8. Qxf3
Nc6 9. Qd1 Qb6 10. Nc3 Qxd4 11. Qxd4 Nxd4 12. Nxd5 O-O-O 13. Ne3 Bxe5 14. Bd2
Nf6 15. Ba5 b6 16. Ba6+ Kb8 17. Bd2 Ne4 18. Bb4 Nc6 19. Ba3 Bd6 20. Bxd6+ Rxd6
21. O-O Nc5 22. Bb5 a6 23. Bxc6 Rxc6 24. Rac1 Rhc8 25. Nd5 Re6 26. Rfe1 Rcc6 27.
Nxe7 Rxe1+ 28. Rxe1 Re6 29. Rxe6 Nxe6 30. g3 Kc7 31. f4 Kd6 32. Ng8 Kd5 33. Nf6+
Kd4 34. Nxh7 Kd3 35. Nf6 Kc2 36. b4 b5 37. Nd7 Kc3 38. Nb8 Kxb4 39. Nxa6+ Ka3
40. Kf2 Kxa2 41. Ke3 Kb3 42. Ke4 Kc4 43. Ke5 Nc5 44. Nb8 b4 45. Nc6 b3 46. Na5+
Kd3 47. Nxb3 Nxb3 48. Kf6 Ke4 49. Kxf7 Kf5 50. g4+ Kxf4 51. Kxg6 Nd4 52. Kh5 Ne6
53. Kh6 Kg3 54. g5 Nxg5 55. Kxg5 Kxh3 {Game drawn because neither player has
mating material} 1/2-1/2

[Event "Team 45 45 League T48"]
[Site "Internet Chess Club"]
[Date "2011.02.26"]
[Round "3"]
[White "vvsi"]
[Black "bshribharath"]
[Result "0-1"]
[WhiteElo "1599"]
[BlackElo "1758"]
[Opening "King's Indian: Torre attack"]
[ECO "A48"]
[Time "21:02:22"]
[TimeControl "2700+45"]

1. d4 Nf6 2. Nf3 g6 3. Bg5 Bg7 4. c4 O-O 5. Nc3 c5 6. Qd2 cxd4 7. Nxd4 Nc6 8.
Nxc6 bxc6 9. Bh6 Bxh6 10. Qxh6 Qb6 11. Qd2 d5 12. cxd5 cxd5 13. e3 e5 14. Be2 d4
15. exd4 exd4 16. Na4 Qc6 17. Bf3 Re8+ 18. Kd1 Bg4 19. Bxg4 Qxg2 20. Kc2 Qxg4
21. b3 Re2 {White resigns} 0-1

[Event "Team 45 45 League T48"]
[Site "Internet Chess Club"]
[Date "2011.02.28"]
[Round "3"]
[White "Ivio"]
[Black "chrisgianno"]
[Result "1-0"]
[WhiteElo "1831"]
[BlackElo "1581"]
[Opening "Queen's pawn game"]
[ECO "D02"]
[Time "15:41:59"]
[TimeControl "2700+45"]

1. d4 d5 2. Nf3 Bf5 3. c4 Nf6 4. cxd5 Qxd5 5. Nc3 Qa5 6. Bd2 Nc6 7. e4 Bg4 8.
Nd5 Qxd5 9. exd5 Nxd5 10. Be2 O-O-O 11. O-O e6 12. h3 Bh5 13. Bc3 f6 14. Qc2 Bg6
15. Bd3 Bf7 16. Be4 Be7 17. Rac1 f5 18. Bxd5 exd5 19. Ne5 Nxe5 20. dxe5 g6 21.
Bb4 Bxb4 22. Qxc7# {Black checkmated} 1-0

[Event "Team 45 45 League T48"]
[Site "Internet Chess Club"]
[Date "2011.02.27"]
[Round "3"]
[White "L0-VE"]
[Black "hcube"]
[Result "1/2-1/2"]
[WhiteElo "1627"]
[BlackElo "1629"]
[Opening "Ruy Lopez: four knights (Tarrasch) variation"]
[ECO "C77"]
[Time "19:00:17"]
[TimeControl "2700+45"]

1. e4 e5 2. Nf3 Nc6 3. Bb5 a6 4. Ba4 Nf6 5. Nc3 Be7 6. O-O b5 7. Bb3 O-O 8. d4
d6 9. dxe5 dxe5 10. Nd5 Bb7 11. Re1 Na5 12. Nxe5 Nxb3 13. axb3 Nxd5 14. exd5
Qxd5 15. Qxd5 Bxd5 16. Bf4 Be6 17. Nc6 Bd6 18. Bxd6 cxd6 19. Rad1 d5 20. Ne7+
Kh8 21. Nxd5 h6 22. Nc7 Rac8 23. Nxe6 fxe6 24. Rd2 Rf6 25. Rde2 Kg8 26. c4 bxc4
27. Rc1 Rff8 28. bxc4 Kf7 29. b4 Rfd8 30. f3 Rd4 31. Re4 Rd2 32. Rf4+ Ke7 33.
Ra1 Rb2 34. Rxa6 Rxb4 35. Ra7+ Kd6 36. c5+ Kxc5 37. Rxb4 Kxb4 38. Rxg7 e5 39.
Rg4+ Kc5 40. Rh4 Rc6 41. Rh5 Kd4 42. Kf2 Rg6 43. g4 Rf6 44. Rf5 Re6 45. Kg3 Ra6
46. Kh4 Ra2 47. h3 Ra3 48. Rf6 Rc3 49. Kg3 e4 50. Rf4 Rxf3+ 51. Rxf3 exf3 52.
Kxf3 Kd5 53. Kf4 Ke6 54. h4 Kf6 55. Ke4 Ke6 56. Kd4 Kd6 57. Ke3 Ke7 58. Kf3 Kf7
59. Kg3 Ke6 60. h5 Ke5 61. Kf3 Kf6 62. Kf4 Ke6 63. Ke4 Kf6 64. Kf3 Kf7 65. Kg3
Ke7 66. Kh4 Kf6 67. g5+ hxg5+ 68. Kg4 Kg7 69. Kxg5 Kh7 70. h6 Kh8 71. Kg6 Kg8
72. Kf6 Kh7 73. Kg5 Kh8 74. Kg6 Kg8 75. h7+ Kh8 76. Kf7 Kxh7 {Game drawn because
neither player has mating material} 1/2-1/2

[Event "Team 45 45 League T48"]
[Site "Internet Chess Club"]
[Date "2011.02.25"]
[Round "3"]
[White "Zumbi"]
[Black "chess9793"]
[Result "1-0"]
[WhiteElo "2116"]
[BlackElo "2101"]
[Opening "Sicilian: accelerated fianchetto, modern variation with Bc4"]
[ECO "B35"]
[Time "21:45:32"]
[TimeControl "2700+45"]

1. e4 c5 2. Nf3 Nc6 3. d4 cxd4 4. Nxd4 g6 5. Nc3 Bg7 6. Be3 Nf6 7. Bc4 Qa5 8.
O-O O-O 9. Nb3 Qc7 10. Bg5 Qb8 11. Re1 b6 12. Qd2 Bb7 13. f4 h6 14. Bxf6 Bxf6
15. e5 Bg7 16. Qxd7 Rd8 17. Qg4 Nb4 18. Qxg6 e6 19. Bxe6 fxe6 20. Rad1 Qc7 21.
a3 Nd5 22. Qxe6+ Qf7 23. Qxf7+ Kxf7 24. Nb5 Bf8 25. c4 Nxf4 26. Rxd8 Rxd8 27.
Rf1 Ke6 28. Rxf4 a6 29. Rf6+ Kxe5 30. Rxb6 axb5 31. Rxb5+ Ke4 32. Rxb7 Rd1+ 33.
Kf2 Rb1 34. Nd2+ {Black resigns} 1-0

[Event "Team 45 45 League T48"]
[Site "Internet Chess Club"]
[Date "2011.02.27"]
[Round "3"]
[White "leland"]
[Black "Tobiasdelmonte"]
[Result "1/2-1/2"]
[WhiteElo "1825"]
[BlackElo "1720"]
[Opening "Sicilian: Taimanov variation"]
[ECO "B46"]
[Time "16:00:13"]
[TimeControl "2700+45"]

1. e4 c5 2. Nf3 e6 3. d4 cxd4 4. Nxd4 Nc6 5. Nc3 a6 6. Bc4 Qc7 7. O-O Nf6 8. Be2
b5 9. a3 Bb7 10. Nxc6 Bxc6 11. Bf3 Be7 12. Re1 d6 13. Bf4 Rd8 14. Qe2 O-O 15. e5
Bxf3 16. Qxf3 dxe5 17. Bxe5 Qc4 18. Qf4 Qxf4 19. Bxf4 Nd5 20. Nxd5 Rxd5 21. Rad1
Rfd8 22. Rxd5 Rxd5 23. Kf1 b4 24. a4 Bf6 25. Bc1 Ra5 26. b3 Rd5 27. Ke2 Rc5 28.
Kd1 Bc3 29. Bd2 Rd5 30. Re2 g6 31. Kc1 Bxd2+ 32. Rxd2 Rf5 33. Kb2 Kf8 34. c4 Ke7
35. Kc2 h5 36. Kd3 Kd6 37. Ke4+ Kc6 38. f3 f6 39. f4 h4 40. g4 hxg3 41. hxg3 g5
42. Rd8 gxf4 43. gxf4 Rh5 44. Rb8 Kc5 45. Rc8+ Kd6 46. Rd8+ Kc6 47. Rd3 Rh1 48.
Re3 Rb1 49. Kd4 Rd1+ 50. Ke4 Rb1 51. Kd4 Rd1+ 52. Rd3 Rf1 53. Ke3 Rb1 {Game
drawn by mutual agreement} 1/2-1/2

[Event "Team 45 45 League T48"]
[Site "Internet Chess Club"]
[Date "2011.02.26"]
[Round "3"]
[White "gaibo4ever"]
[Black "wilson97"]
[Result "1-0"]
[WhiteElo "2063"]
[BlackElo "1866"]
[Opening "Sicilian: accelerated fianchetto, Maróczy bind, 6.Be3"]
[ECO "B38"]
[Time "18:02:57"]
[TimeControl "2700+45"]

1. e4 c5 2. Nf3 Nc6 3. d4 cxd4 4. Nxd4 g6 5. c4 Bg7 6. Be3 Nf6 7. Nc3 d6 8. Be2
O-O 9. O-O a6 10. Qd2 Qc7 11. Rac1 Nxd4 12. Bxd4 Be6 13. f4 Qc6 14. Nd5 Bxd5 15.
exd5 Qd7 16. Bd3 Rac8 17. Kh1 Qa4 18. b3 Qd7 19. Rfe1 Rfe8 20. a4 Qg4 21. b4 Qd7
22. b5 axb5 23. axb5 Ra8 24. Ra1 Rec8 25. b6 Ng4 26. Bxg7 Kxg7 27. Ra7 Rxa7 28.
bxa7 Ra8 29. Ra1 b6 30. Qb2+ Kg8 31. Qxb6 h5 32. Qb8+ Qd8 33. Qxd8+ {Black
resigns} 1-0

[Event "Team 45 45 League T48"]
[Site "Internet Chess Club"]
[Date "2011.02.27"]
[Round "3"]
[White "ice-cream"]
[Black "Otelo"]
[Result "0-1"]
[WhiteElo "1805"]
[BlackElo "1909"]
[Opening "Sicilian: Anderssen variation"]
[ECO "B41"]
[Time "19:01:08"]
[TimeControl "2700+45"]

1. e4 c5 2. Nf3 e6 3. d4 cxd4 4. Nxd4 Nf6 5. Bd3 a6 6. O-O d6 7. c4 Be7 8. Nc3
O-O 9. Be3 Qc7 10. f4 Bd7 11. Qf3 Nc6 12. Qg3 Rfd8 13. Rad1 Rac8 14. Nxc6 Bxc6
15. Rf3 d5 16. cxd5 exd5 17. Bd4 dxe4 18. Bxe4 Bxe4 19. Nxe4 Rxd4 20. Rxd4 Qc1+
21. Rf1 Nxe4 22. Qe1 Qxe1 23. Rxe1 Bc5 24. Rxe4 Rd8 25. Kf1 Bxd4 26. Re7 b6 27.
b3 Kf8 28. Ra7 a5 29. Rb7 Re8 30. g3 f6 31. Rd7 Bc5 32. Rb7 Re7 33. Rxe7 Kxe7
34. Ke2 Kd6 35. h3 h5 36. g4 hxg4 37. hxg4 Kd5 38. Kd3 g6 39. g5 fxg5 40. fxg5
Ke5 41. Kc4 Kf5 42. Kb5 Kxg5 43. a3 Bxa3 44. Kxb6 Bb4 45. Kb5 Kf4 46. Ka4 g5 47.
Kb5 g4 48. Ka4 g3 49. Kb5 g2 50. Kb6 g1=Q+ 51. Kb5 Ke4 52. Ka4 Kd4 53. Kb5 Kc3
54. Ka4 Qf2 55. Kb5 Kxb3 56. Kc6 Qf5 57. Kb6 Bc3 58. Kc6 a4 59. Kd6 a3 60. Kc6
a2 61. Kd6 a1=R 62. Kc6 Ra6+ 63. Kb7 Rh6 64. Kc7 Qf7+ 65. Kd8 Rh8# {White
checkmated} 0-1

[Event "Team 45 45 League T48"]
[Site "Internet Chess Club"]
[Date "2011.02.26"]
[Round "3"]
[White "theophilus"]
[Black "aww-rats"]
[Result "1/2-1/2"]
[WhiteElo "2240"]
[BlackElo "2068"]
[Opening "QGD: Chigorin defense, Janowski variation"]
[ECO "D07"]
[Time "15:01:32"]
[TimeControl "2700+45"]

1. d4 d5 2. c4 Nc6 3. Nc3 dxc4 4. Nf3 a6 5. d5 Nb8 6. a4 e6 7. e4 exd5 8. exd5
Nf6 9. Bxc4 Be7 10. O-O O-O 11. h3 Nbd7 12. a5 b5 13. axb6 Nxb6 14. Qd3 Nxc4 15.
Qxc4 Bb7 16. Rd1 Qd6 17. Bf4 Qb4 18. Qxc7 Ne8 19. Qd7 Nf6 20. Qa4 Qxb2 21. Rab1
Qxc3 22. Rxb7 Qa3 23. Qxa3 Bxa3 24. Rb3 Bc5 25. Rc1 Ne4 26. Be3 Bxe3 27. fxe3
Rfd8 28. Rb4 f5 29. Nd4 Rxd5 30. Rb7 Rc5 31. Rcb1 Nd6 32. Rd7 Nb5 33. Rxg7+ Kxg7
34. Ne6+ Kf6 35. Nxc5 Nd6 36. Rb6 Ke5 37. Rxa6 Rxa6 38. Nxa6 f4 39. exf4+ Kxf4
40. Nc5 Kg3 41. Ne6 Nf5 42. Nc5 Nd6 43. Ne6 Nf5 44. Ng5 h5 45. Ne4+ Kf4 46. Nd2
h4 47. Kf2 Nd6 48. Nf3 Ne4+ 49. Kg1 Kg3 50. Nd4 Kf4 51. Kh2 Ke3 52. Nf5+ Kf2 53.
Nxh4 Ng3 54. Nf5 Nxf5 55. g4 Nh4 56. Kh1 {Game drawn by mutual agreement}
1/2-1/2

[Event "Team 45 45 League T48"]
[Site "Internet Chess Club"]
[Date "2011.02.28"]
[Round "3"]
[White "SaltofLife"]
[Black "mickeys"]
[Result "0-1"]
[WhiteElo "1841"]
[BlackElo "1968"]
[Opening "French: Fort Knox variation"]
[ECO "C10"]
[Time "15:05:06"]
[TimeControl "2700+45"]

1. e4 e6 2. d4 d5 3. Nc3 dxe4 4. Nxe4 Bd7 5. Nf3 Bc6 6. Neg5 Nd7 7. Nxf7 Kxf7 8.
Ng5+ Ke8 9. Bc4 Bxg2 10. Rg1 Bd5 11. Nxe6 Bxe6 12. Bxe6 Qe7 13. Qe2 Ngf6 14. Bf4
Qb4+ 15. c3 Qb6 16. Bh3+ Kd8 17. O-O-O h6 18. Rde1 g5 19. Be5 Be7 20. Bxf6 Qxf6
21. Qg4 Nb6 22. Kb1 Bd6 23. Re6 Qf4 24. Qe2 Qxh2 25. Qg4 c6 26. Rge1 Kc7 27.
Re7+ Bxe7 28. Rxe7+ Kb8 29. Qe6 Qg1+ 30. Kc2 Qxf2+ 31. Kb3 Qf4 32. Rf7 Qxf7 33.
Qxf7 a5 34. Qg7 Ka7 35. c4 Rag8 36. Qc7 Re8 37. Bf1 Rhf8 38. Bd3 Re3 39. c5 a4+
40. Kc2 Rf2+ 41. Kd1 Rxd3+ 42. Ke1 Rxb2 43. cxb6+ Rxb6 44. Qh7 Rh3 45. Qe4 Rb2
46. d5 Rhh2 47. Qd4+ b6 48. Qxa4+ Kb8 49. Qe4 Rbe2+ 50. Qxe2 Rxe2+ 51. Kxe2 cxd5
52. Ke3 Kc7 {White resigns} 0-1

[Event "Team 45 45 League T48"]
[Site "Internet Chess Club"]
[Date "2011.02.28"]
[Round "3"]
[White "Twan709"]
[Black "Pacini"]
[Result "0-1"]
[WhiteElo "1891"]
[BlackElo "1893"]
[Opening "Sicilian: accelerated fianchetto, Maróczy bind, 6.Be3"]
[ECO "B38"]
[Time "20:09:18"]
[TimeControl "2700+45"]

1. e4 c5 2. Nf3 g6 3. d4 cxd4 4. Nxd4 Nc6 5. c4 Bg7 6. Be3 Nf6 7. Nc3 O-O 8. Be2
d6 9. O-O Bd7 10. f3 Nxd4 11. Bxd4 Bc6 12. Qd2 a5 13. Rfc1 a4 14. Rab1 Qa5 15.
Qe3 Nd7 16. b4 axb3 17. axb3 e5 18. b4 exd4 {White resigns} 0-1

[Event "Team 45 45 League T48"]
[Site "Internet Chess Club"]
[Date "2011.02.25"]
[Round "3"]
[White "sandham"]
[Black "pestka"]
[Result "0-1"]
[WhiteElo "2105"]
[BlackElo "2323"]
[Opening "Grünfeld: Russian, Prins variation"]
[ECO "D97"]
[Time "16:45:28"]
[TimeControl "2700+45"]

1. d4 Nf6 2. Nf3 g6 3. c4 Bg7 4. Nc3 d5 5. Qb3 dxc4 6. Qxc4 O-O 7. e4 Na6 8. Be2
c5 9. d5 e6 10. O-O exd5 11. exd5 Nb4 12. Rd1 b6 13. Qb3 Bf5 14. Ne1 Re8 15. a3
Nbxd5 16. Bf3 Be6 17. Bg5 Nxc3 18. Qxc3 Nd5 19. Qc1 f6 20. Bh6 Qd7 21. Bxg7 Kxg7
22. Nd3 Qf7 23. b4 cxb4 24. axb4 Rac8 25. Qb2 Red8 26. Re1 Bf5 27. Bxd5 Rxd5 28.
Nf4 Rd7 29. h3 Rc2 30. Ne6+ Qxe6 {White resigns} 0-1

[Event "Team 45 45 League T48"]
[Site "Internet Chess Club"]
[Date "2011.02.27"]
[Round "3"]
[White "Jack-ONeill"]
[Black "grabuark"]
[Result "1/2-1/2"]
[WhiteElo "2056"]
[BlackElo "2068"]
[Opening "King's Indian: London system"]
[ECO "A48"]
[Time "14:02:16"]
[TimeControl "2700+45"]

1. d4 Nf6 2. Nf3 g6 3. Bf4 Bg7 4. e3 O-O 5. Be2 d6 6. O-O Nbd7 7. h3 Ne4 8. Nbd2
Nxd2 9. Qxd2 e5 10. Bh2 Qe7 11. c4 Re8 12. b4 a5 13. bxa5 Nf6 14. Rab1 exd4 15.
Nxd4 Ne4 16. Qe1 Qg5 17. Bf4 Qxa5 18. Qxa5 Rxa5 19. Nb5 Re7 20. Rbd1 Rxa2 21.
Bd3 Nd2 22. Rfe1 Nb3 {Game drawn by mutual agreement} 1/2-1/2

[Event "Team 45 45 League T48"]
[Site "Internet Chess Club"]
[Date "2011.02.26"]
[Round "3"]
[White "Ptzz"]
[Black "fledermaus"]
[Result "1/2-1/2"]
[WhiteElo "2128"]
[BlackElo "1838"]
[Opening "QGD: Charousek (Petrosian) variation"]
[ECO "D31"]
[Time "12:00:26"]
[TimeControl "2700+45"]

1. d4 d5 2. c4 e6 3. Nc3 Be7 4. cxd5 exd5 5. Bf4 c6 6. e3 Bd6 7. Bxd6 Qxd6 8.
Bd3 Nf6 9. Qc2 O-O 10. Nf3 Nbd7 11. O-O Re8 12. Rab1 Nf8 13. b4 Be6 14. b5 Rec8
15. bxc6 Qxc6 16. Rfc1 N8d7 17. Qb3 Nb6 18. Ne5 Qc7 19. Rc2 Qd8 20. Rbc1 Nfd7
21. f4 Nxe5 22. fxe5 Qg5 23. Nd1 Rxc2 24. Rxc2 Qd8 25. Nc3 Qg5 26. Nd1 Qd8 27.
Be2 Rc8 28. Rxc8 Qxc8 29. Qc3 Na4 30. Qxc8+ Bxc8 31. Bb5 Nb6 32. Nc3 Be6 33. a4
Kf8 34. Be2 a5 35. Bf3 Bd7 36. Bd1 Bc6 37. Bb3 f6 38. exf6 gxf6 39. Kf2 Ke7 40.
Kf3 Ke6 41. Kf4 Nc8 42. h3 Ne7 43. g4 b6 44. h4 h6 45. e4 Kd6 46. exd5 Nxd5+ 47.
Bxd5 Bxd5 48. Nxd5 Kxd5 49. Kf5 b5 50. axb5 a4 51. b6 Kd6 52. b7 Kc7 53. d5 a3
54. d6+ Kxb7 55. Ke6 a2 56. d7 a1=Q 57. d8=Q Qe1+ 58. Kf5 Qxh4 59. Qxf6 Qh3 60.
Qg6 Qd3+ 61. Kf6 Qd4+ 62. Kf7 Qd7+ 63. Kg8 Qd8+ 64. Kh7 Qh4 65. Kg7 Kc8 66. Qf5+
Kc7 67. Kg6 Kb7 68. Qh5 Qg3 69. Kxh6 Qd6+ 70. Qg6 Qf4+ 71. g5 Kc7 72. Qf6 Qh4+
73. Kg7 Kd7 74. g6 Qh5 75. Kg8 Ke8 76. Qf7+ Kd8 77. Qe6 Qf3 78. Qd6+ Ke8 79.
Qb8+ Kd7 80. Qa7+ Kd8 81. Qf7 Qh5 82. Qf6+ Ke8 83. Qe6+ Kd8 84. g7 Qg5 85. Kh7
Qh5+ 86. Qh6 Qf5+ 87. Kh8 Qe5 88. Kg8 Qe8+ 89. Kh7 Qe4+ 90. Qg6 Qh4+ 91. Kg8 Ke7
92. Qf7+ Kd8 93. Qe6 Qg5 94. Kf7 Qh5+ 95. Kf8 Qc5+ 96. Kf7 Qh5+ 97. Kg8 Qg5
{Game drawn by repetition} 1/2-1/2

[Event "Team 45 45 League T48"]
[Site "Internet Chess Club"]
[Date "2011.02.27"]
[Round "3"]
[White "Paulkov"]
[Black "AugustoCaruso"]
[Result "1/2-1/2"]
[WhiteElo "2283"]
[BlackElo "2205"]
[Opening "French defense"]
[ECO "C11"]
[Time "15:00:27"]
[TimeControl "2700+45"]

1. e4 e6 2. d4 d5 3. Nc3 Nf6 4. exd5 exd5 5. Bd3 Bb4 6. Ne2 O-O 7. O-O h6 8. a3
Bd6 9. Re1 c6 10. Bf4 Na6 11. Qd2 Nc7 12. Ng3 Bxf4 13. Qxf4 Ne6 14. Qh4 Ne4 15.
Qxd8 Rxd8 16. Ncxe4 dxe4 17. Nxe4 Nxd4 18. f3 Bf5 19. Rad1 g5 20. Kf2 Kg7 21. c3
Ne6 22. Bb1 {Game drawn by mutual agreement} 1/2-1/2

[Event "Team 45 45 League T48"]
[Site "Internet Chess Club"]
[Date "2011.02.28"]
[Round "3"]
[White "NFork"]
[Black "Campagnolo"]
[Result "1/2-1/2"]
[WhiteElo "2302"]
[BlackElo "2089"]
[Opening "Caro-Kann: anti-anti-Caro-Kann defense"]
[ECO "B10"]
[Time "05:45:06"]
[TimeControl "2700+45"]

1. e4 c6 2. c4 d5 3. cxd5 cxd5 4. exd5 Nf6 5. Bb5+ Nbd7 6. Nc3 a6 7. Bxd7+ Qxd7
8. Qf3 b5 9. Nge2 Bb7 10. Nf4 Rd8 11. O-O Nxd5 12. Ncxd5 Bxd5 13. Nxd5 Qxd5 14.
Qc3 e5 15. d4 Qxd4 16. Qc6+ Qd7 17. Qxa6 Bc5 18. Bg5 f6 19. Bxf6 gxf6 20. Qxf6
Rf8 21. Qxe5+ Be7 22. Rfe1 Kf7 23. a4 bxa4 24. h4 Bf6 25. Qh5+ Kg8 26. Re4 Qf7
27. Qe2 Kh8 28. Raxa4 Rfe8 29. Qf3 Rxe4 30. Rxe4 Qg7 31. b4 Rf8 32. Qd3 Qa7 33.
Qd2 Qa1+ 34. Kh2 Qb1 35. f3 Qb3 36. h5 Qf7 37. g4 Rd8 38. Qe3 Qd7 39. Kh3 Qd1
40. Re8+ Rxe8 41. Qxe8+ Kg7 42. h6+ Kxh6 43. Qf8+ Kg6 44. Qg8+ Bg7 45. Qe6+
{Game drawn by mutual agreement} 1/2-1/2